| TOP OF THE 1ST |
|
Minot Jets batting - Pitching for Magic Valley Magicians : RHP Jose Torres
|
|
Pitching: RHP Jose Torres
|
|
|
Batting: SHB George D Wright
|
0-0: Ball 1-0: Ground out 5-3 (Groundball, 56S)
|
|
Batting: RHB John Denman
|
0-0: Called Strike 0-1: Foul Ball, location: 2F 0-2: Foul Ball, location: 2F 0-2: Strikes out swinging
|
|
Batting: LHB Doe Boyland
|
0-0: Ball 1-0: Called Strike 1-1: Foul Ball, location: 2F 1-2: Strikes out swinging
|
| Top of the 1st over - 0 runs, 0 hits, 0 errors, 0 left on base; Minot 0 - Magic Valley 0 |
| BOTTOM OF THE 1ST |
|
Magic Valley Magicians batting - Pitching for Minot Jets : RHP Richard Dotson
|
|
Pitching: RHP Richard Dotson
|
|
|
Batting: RHB Steven Gerlecz
|
0-0: Called Strike 0-1: Foul Ball, location: 2F 0-2: Strikes out swinging
|
|
Batting: RHB Ryan Lancey
|
0-0: Ball 1-0: Ball 2-0: Ball 3-0: Foul Ball, location: 2F 3-1: Base on Balls
|
|
Batting: RHB Martinho Remdio
|
0-0: Ball 1-0: Swinging Strike 1-1: Ball 2-1: Fielders Choice at 2nd, 5-4 (Groundball, 56)
|
|
Batting: RHB John Helfrick
|
0-0: Ball 1-0: Called Strike 1-1: Foul Ball, location: 2F 1-2: Fly out, F9 (Flyball, 9LSF)
|
| Bottom of the 1st over - 0 runs, 0 hits, 0 errors, 1 left on base; Minot 0 - Magic Valley 0 |
| TOP OF THE 2ND |
|
Minot Jets batting - Pitching for Magic Valley Magicians : RHP Jose Torres
|
|
Batting: LHB Orlando Sanchez
|
0-0: Foul Ball, location: 2F 0-1: Ball 1-1: Ground out 4-3 (Groundball, 4)
|
|
Batting: RHB George Gross
|
0-0: Ball 1-0: Called Strike 1-1: Ball 2-1: Called Strike 2-2: SINGLE (Groundball, 6D)
|
|
Batting: LHB William Gifford
|
0-0: Ball 1-0: Fly out, F7 (Line Drive, 7D)
|
|
Batting: LHB Gerald Linnert
|
0-0: Ball 1-0: Ball 2-0: Called Strike 2-1: Ball 3-1: Base on Balls George Gross to second
|
|
Batting: SHB Rafael Santo Domingo
|
0-0: Foul Ball, location: 2F 0-1: Fly out, F7 (Flyball, 7S)
|
| Top of the 2nd over - 0 runs, 1 hit, 0 errors, 2 left on base; Minot 0 - Magic Valley 0 |
| BOTTOM OF THE 2ND |
|
Magic Valley Magicians batting - Pitching for Minot Jets : RHP Richard Dotson
|
|
Batting: RHB Lanny Phillips
|
0-0: SINGLE (Groundball, 6D)
|
|
Batting: RHB Jeff Matthews
|
0-0: Foul Ball, location: 2F 0-1: Ball 1-1: Foul Ball, location: 2F 1-2: Fly out, F9 (Flyball, 9)
|
|
Batting: RHB Michael Stone
|
0-0: Called Strike 0-1: Foul Ball, location: 2F 0-2: Ball 1-2: Foul Ball, location: 2F 1-2: Grounds into double play, 6-4-3 (Groundball, 6)
|
| Bottom of the 2nd over - 0 runs, 1 hit, 0 errors, 0 left on base; Minot 0 - Magic Valley 0 |
| TOP OF THE 3RD |
|
Minot Jets batting - Pitching for Magic Valley Magicians : RHP Jose Torres
|
|
Batting: LHB Richard Rickman
|
0-0: Ball 1-0: Called Strike 1-1: Ball 2-1: Called Strike 2-2: SINGLE (Groundball, 5D)
|
|
Batting: SHB George D Wright
|
0-0: Ball Wild Pitch! Richard Rickman to second 1-0: Fly out, F6 (Popup, 6)
|
|
Batting: RHB John Denman
|
0-0: Ball 1-0: Ball Richard Rickman steals 3rd base 2-0: Foul Ball, location: 2F 2-1: Ball 3-1: Foul Ball, location: 2F 3-2: Strikes out looking
|
|
Batting: LHB Doe Boyland
|
0-0: Ball 1-0: Ball 2-0: Ground out 4-3 (Groundball, 4)
|
| Top of the 3rd over - 0 runs, 1 hit, 0 errors, 1 left on base; Minot 0 - Magic Valley 0 |
| BOTTOM OF THE 3RD |
|
Magic Valley Magicians batting - Pitching for Minot Jets : RHP Richard Dotson
|
|
Batting: RHB Clinton Sander
|
0-0: Ball 1-0: Ground out 5-3 (Groundball, 56S)
|
|
Batting: RHB Jeffrey Cronk
|
0-0: Ball 1-0: Called Strike 1-1: Swinging Strike 1-2: Ball 2-2: Ground out 6-3 (Groundball, 6)
|
|
Batting: RHB Steven Gerlecz
|
0-0: Called Strike 0-1: Ball 1-1: Ball 2-1: Foul Ball, location: 2F 2-2: Foul Ball, location: 2F 2-2: Foul Ball, location: 2F 2-2: Ground out 6-3 (Groundball, 6M)
|
| Bottom of the 3rd over - 0 runs, 0 hits, 0 errors, 0 left on base; Minot 0 - Magic Valley 0 |
| TOP OF THE 4TH |
|
Minot Jets batting - Pitching for Magic Valley Magicians : RHP Jose Torres
|
|
Batting: LHB Orlando Sanchez
|
0-0: Swinging Strike 0-1: Fly out, F8 (Flyball, 89D)
|
|
Batting: RHB George Gross
|
0-0: Called Strike 0-1: Ball 1-1: Ball 2-1: Foul Ball, location: 2F 2-2: Ground out U3 (Groundball, 3)
|
|
Batting: LHB William Gifford
|
0-0: Ball 1-0: Called Strike 1-1: Ball 2-1: Foul Ball, location: 2F 2-2: Ball 3-2: Base on Balls
|
|
Batting: LHB Gerald Linnert
|
0-0: Reached on error, E5 (Groundball, 56) William Gifford to second
|
|
Batting: SHB Rafael Santo Domingo
|
0-0: Ball 1-0: Called Strike 1-1: Fly out, F9 (Line Drive, 9)
|
| Top of the 4th over - 0 runs, 0 hits, 1 error, 2 left on base; Minot 0 - Magic Valley 0 |
| BOTTOM OF THE 4TH |
|
Magic Valley Magicians batting - Pitching for Minot Jets : RHP Richard Dotson
|
|
Batting: RHB Ryan Lancey
|
0-0: Called Strike 0-1: Ball 1-1: Foul Ball, location: 2F 1-2: Ground out 1-3 (Groundball, 13S)
|
|
Batting: RHB Martinho Remdio
|
0-0: Swinging Strike 0-1: Ball 1-1: Ball 2-1: SOLO HOME RUN (Line Drive, 9D), Distance : 364 ft
|
|
Batting: RHB John Helfrick
|
0-0: Ball 1-0: Ball 2-0: Called Strike 2-1: Fly out, F7 (Flyball, 7S)
|
|
Batting: RHB Lanny Phillips
|
0-0: Called Strike 0-1: Called Strike 0-2: DOUBLE (Flyball, 78D)
|
|
Batting: RHB Jeff Matthews
|
0-0: DOUBLE (Line Drive, 89D) Lanny Phillips scores
|
|
Batting: RHB Michael Stone
|
0-0: Foul Ball, location: 2F 0-1: Foul Ball, location: 2F 0-2: Foul Ball, location: 2F 0-2: Ball 1-2: Foul Ball, location: 2F 1-2: Strikes out looking
|
| Bottom of the 4th over - 2 runs, 3 hits, 0 errors, 1 left on base; Minot 0 - Magic Valley 2 |
| TOP OF THE 5TH |
|
Minot Jets batting - Pitching for Magic Valley Magicians : RHP Jose Torres
|
|
Batting: LHB Richard Rickman
|
0-0: Ground out 3-1 (Groundball, 34S)
|
|
Batting: SHB George D Wright
|
0-0: Ball 1-0: Ball 2-0: Ball 3-0: Base on Balls
|
|
Batting: RHB John Denman
|
0-0: Ball 1-0: Ball 2-0: Grounds into double play, 4-6-3 (Groundball, 34)
|
| Top of the 5th over - 0 runs, 0 hits, 0 errors, 0 left on base; Minot 0 - Magic Valley 2 |
| BOTTOM OF THE 5TH |
|
Magic Valley Magicians batting - Pitching for Minot Jets : RHP Richard Dotson
|
|
Batting: RHB Clinton Sander
|
0-0: Called Strike 0-1: Ball 1-1: Ball 2-1: Called Strike 2-2: Strikes out swinging
|
|
Batting: RHB Jeffrey Cronk
|
0-0: Ball 1-0: Foul Ball, location: 2F 1-1: SINGLE (Flyball, 7S)
|
|
Batting: RHB Steven Gerlecz
|
0-0: Fielders Choice at 2nd, 6-4 (Groundball, 6)
|
|
Batting: RHB Ryan Lancey
|
0-0: Called Strike 0-1: Called Strike 0-2: Ball 1-2: SINGLE (Line Drive, 9S) Steven Gerlecz to second Runner from 2nd tries for 3rd, SAFE, throw by RF made to third
|
|
Batting: RHB Martinho Remdio
|
0-0: Swinging Strike 0-1: Swinging Strike 0-2: Fly out, F3 (Line Drive, 3)
|
| Bottom of the 5th over - 0 runs, 2 hits, 0 errors, 2 left on base; Minot 0 - Magic Valley 2 |
| TOP OF THE 6TH |
|
Minot Jets batting - Pitching for Magic Valley Magicians : RHP Jose Torres
|
|
Batting: LHB Doe Boyland
|
0-0: Foul Ball, location: 2F 0-1: Ball 1-1: Ground out 4-3 (Groundball, 34)
|
|
Batting: LHB Orlando Sanchez
|
0-0: Foul Ball, location: 2F 0-1: Ball 1-1: Fly out, F7 (Flyball, 7)
|
|
Batting: RHB George Gross
|
0-0: Ball 1-0: Swinging Strike 1-1: Foul Ball, location: 2F 1-2: Strikes out swinging
|
| Top of the 6th over - 0 runs, 0 hits, 0 errors, 0 left on base; Minot 0 - Magic Valley 2 |
| BOTTOM OF THE 6TH |
|
Magic Valley Magicians batting - Pitching for Minot Jets : RHP Richard Dotson
|
|
Batting: RHB John Helfrick
|
0-0: Ball 1-0: Foul Ball, location: 2F 1-1: Foul Ball, location: 2F 1-2: Fly out, F8 (Line Drive, 8LD)
|
|
Batting: RHB Lanny Phillips
|
0-0: Called Strike 0-1: Reached on error, E5 (Groundball, 56)
|
|
Batting: RHB Jeff Matthews
|
0-0: Foul Ball, location: 2F 0-1: Swinging Strike 0-2: Foul Ball, location: 2F 0-2: Ball 1-2: Foul Ball, location: 2F 1-2: Fly out, F8 (Flyball, 89D)
|
|
Batting: RHB Michael Stone
|
0-0: Foul Ball, location: 2F 0-1: Ball 1-1: Ball 2-1: Called Strike 2-2: Fielders Choice at 2nd, 5-4 (Groundball, 56)
|
| Bottom of the 6th over - 0 runs, 0 hits, 1 error, 1 left on base; Minot 0 - Magic Valley 2 |
| TOP OF THE 7TH |
|
Minot Jets batting - Pitching for Magic Valley Magicians : RHP Jose Torres
|
|
Batting: LHB William Gifford
|
0-0: Called Strike 0-1: Called Strike 0-2: Ball 1-2: Foul Ball, location: 2F 1-2: Ground out 6-3 (Groundball, 6M)
|
|
Batting: LHB Gerald Linnert
|
0-0: Ball 1-0: Called Strike 1-1: Ball 2-1: Ground out 1-3 (Groundball, 34S)
|
|
Batting: SHB Rafael Santo Domingo
|
0-0: SINGLE (Groundball, 34D)
|
|
Batting: LHB Richard Rickman
|
0-0: Ball Rafael Santo Domingo is caught stealing 2nd base 2-6
|
| Top of the 7th over - 0 runs, 1 hit, 0 errors, 0 left on base; Minot 0 - Magic Valley 2 |
| BOTTOM OF THE 7TH |
|
Magic Valley Magicians batting - Pitching for Minot Jets : RHP Richard Dotson
|
|
Batting: RHB Clinton Sander
|
0-0: Called Strike 0-1: Foul Ball, location: 2F 0-2: Ball 1-2: Fly out, F7 (Flyball, 7)
|
|
Batting: RHB Jeffrey Cronk
|
0-0: Ball 1-0: Ball 2-0: Ground out 5-3 (Groundball, 5S)
|
|
Batting: RHB Steven Gerlecz
|
0-0: Ground out 5-3 (Groundball, 56S)
|
| Bottom of the 7th over - 0 runs, 0 hits, 0 errors, 0 left on base; Minot 0 - Magic Valley 2 |
| TOP OF THE 8TH |
|
Minot Jets batting - Pitching for Magic Valley Magicians : RHP Jose Torres
|
|
Batting: LHB Richard Rickman
|
0-0: Ball 1-0: Ground out 4-3 (Groundball, 34)
|
|
Batting: SHB George D Wright
|
0-0: Hit by Pitch
|
|
Batting: RHB John Denman
|
0-0: Foul Ball, location: 2F 0-1: Ball 1-1: Swinging Strike 1-2: Ball 2-2: Ball 3-2: Foul Ball, location: 2F 3-2: Base on Balls George D Wright to second
|
|
Batting: LHB Doe Boyland
|
0-0: Ball 1-0: Swinging Strike 1-1: Fly out, F9 (Flyball, 9D) Runner from 2nd tags up, SAFE at 3rd, no throw by RF
|
|
Batting: LHB Orlando Sanchez
|
0-0: Ball Wild Pitch! George D Wright scores John Denman to second 1-0: SINGLE (Flyball, 89M) John Denman to third Runner from 3rd tries for Home, SAFE, throw by RF to home
|
|
Pitching: RHP Joe Kuhl
|
|
|
Batting: RHB George Gross
|
0-0: Called Strike 0-1: Foul Ball, location: 2F 0-2: Ball 1-2: Ball 2-2: Strikes out swinging
|
| Top of the 8th over - 2 runs, 1 hit, 0 errors, 1 left on base; Minot 2 - Magic Valley 2 |
| BOTTOM OF THE 8TH |
|
Magic Valley Magicians batting - Pitching for Minot Jets : RHP Richard Dotson
|
|
Pitching: RHP Robert Henderson
|
|
|
Batting: RHB Ryan Lancey
|
0-0: Called Strike 0-1: Ball 1-1: Foul Ball, location: 2F 1-2: Ground out 6-3 (Groundball, 56)
|
|
Batting: RHB Martinho Remdio
|
0-0: Fly out, F9 (Flyball, 9S)
|
|
Batting: RHB John Helfrick
|
0-0: Ball 1-0: Ground out 6-3 (Groundball, 6)
|
| Bottom of the 8th over - 0 runs, 0 hits, 0 errors, 0 left on base; Minot 2 - Magic Valley 2 |
| TOP OF THE 9TH |
|
Minot Jets batting - Pitching for Magic Valley Magicians : RHP Joe Kuhl
|
|
Batting: LHB William Gifford
|
0-0: Ball 1-0: Ball 2-0: Ball 3-0: Base on Balls
|
|
Batting: LHB Gerald Linnert
|
0-0: Bunt missed! 0-1: Bunted foul 0-2: Strikes out swinging
|
|
Pinch Hitting: RHB George Ramos
|
0-0: Called Strike 0-1: Called Strike 0-2: Grounds into double play, 6-4-3 (Groundball, 6)
|
| Top of the 9th over - 0 runs, 0 hits, 0 errors, 0 left on base; Minot 2 - Magic Valley 2 |
|
Thursday, January 24th, 2019 - OOTP Baseball 19.13 Build 132
|
|